 Dungeon Crawl Stone Soup version 0.28-a0-723-g095bd1b44f (webtiles) character file.

Game seed: 17191967096570998732

123 jasper the Slasher (level 4, -7/32 HPs)
             Began as a Demonspawn Artificer on Oct 26, 2021.
             Was an Initiate of Wu Jian.
             Mangled by a steam dragon (9 damage)
             ... on level 4 of the Dungeon.
             The game lasted 00:04:39 (4177 turns).

jasper the Slasher (Demonspawn Artificer)           Turns: 4177, Time: 00:04:40

Health: -7/32      AC:  8    Str: 12    XL:     4   Next: 79%
Magic:  4/4        EV: 10    Int: 13    God:    Wu Jian [......]
Gold:   61         SH:  0    Dex: 14    Spells: 3/3 levels left

rFire   . . .      SeeInvis .   t - +1 demon blade (flame)
rCold   . . .      Faith    .   (no shield)
rNeg    . . .      Spirit   .   i - +0 ring mail
rPois   .          Reflect  .   n - +0 helmet
rElec   .          Harm     .   (no cloak)
rCorr   .          Rampage  .   (no gloves)
Will    .....                   (no boots)
Stlth   +.........              (no amulet)
HPRegen 0.10/turn               (no ring)
MPRegen 0.18/turn               (no ring)

@: mighty
A: icy blue scales 1, magic regeneration, condensation shield
a: Renounce Religion


You were on level 4 of the Dungeon.
You worshipped Wu Jian.
Wu Jian was noncommittal.
You visited 1 branch of the dungeon, and saw 4 of its levels.

You collected 100 gold pieces.
You spent 39 gold pieces at shops.

Inventory:

Hand Weapons
 a - a +1 club
 g - a +0 falchion
 k - a +0 hunting sling
 q - a +1 short sword of flaming
 t - a +1 demon blade of flaming (weapon)
Missiles
 c - 2 silver javelins
 h - 127 stones (quivered)
 o - 7 poisoned darts
Armour
 b - a +0 leather armour
 i - a +0 ring mail (worn)
 n - a +0 helmet (worn)
Wands
 d - a wand of charming (15)
Scrolls
 r - 2 scrolls of teleportation
Potions
 f - a potion of haste {unknown}
 l - a potion of mutation {unknown}
 m - a potion of lignification {unknown}
 p - a potion of curing {unknown}
 s - a potion of magic {unknown}
 u - a potion of ambrosia {unknown}
Miscellaneous
 e - a piece from Xom's chessboard (15/15)


   Skills:
 - Level 1.0 Fighting
 + Level 4.1 Long Blades
 - Level 1.7 Armour
 - Level 0.8 Dodging
 - Level 0.8 Stealth
 - Level 3.0 Evocations


You had 3 spell levels left.
You didn't know any spells.
Your spell library contained the following spells:

 Spells                   Type           Power      Damage    Failure   Level
 Ensorcelled Hibernation  Hex/Ice        0%         N/A       71%         2
 Dazzling Flash           Conj/Hex       0%         N/A       90%         3
 Ozocubu's Armour         Ice            0%         N/A       90%         3
 Spider Form              Tmut/Pois      0%         N/A       90%         3
 Iskenderun's Mystic Bla  Conj/Tloc      0%         2d3       100%        4
 Starburst                Conj/Fire      0%         6d3       100%        6
 Ozocubu's Refrigeration  Ice            0%         4d5       100%        7


Dungeon Overview and Level Annotations

Branches:
Dungeon (4/15)
 Temple: D:4-7

Altars:
Dithmenos
Gozag
Qazlal
Wu Jian

Shops:
D:3 *


Innate Abilities, Weirdness & Mutations

You are partially covered in icy blue scales. (AC +2)
You regenerate magic rapidly.
A meltable shield of frost defends you. (SH +0)


Message History

The orc is severely wounded.
You hit the orc. You burn the orc.
You kill the orc!
The Council accepts your kill.
Things that are here:
a +0 trident; a +0 leather armour You see here a +1 demon blade of flaming.
t - a +1 demon blade of flaming Your +1 short sword of flaming stops flaming.
Your +1 demon blade of flaming bursts into flame!
t - a +1 demon blade of flaming (weapon)
HP restored.
Things that are here:
a +0 trident; a +0 leather armour
Things that are here:
a +0 dagger; a goblin corpse You now have 49 gold pieces (gained 14).
o - 7 poisoned darts (gained 1)
You now have 61 gold pieces (gained 12).
u - a viscous coppery potion Health restored: 32 A steam dragon comes into view.
A steam dragon is nearby!
A steam dragon is nearby!
Found a pair of gloves.
The steam dragon hisses angrily.
The steam dragon breathes steam at you. The ball of steam hits you!
Your condensation shield dissipates!
You take 13 damage, and have 19/32 hp.
MASSIVE DAMAGE!!
You feel very mighty all of a sudden. The steam dragon bites you.
The steam dragon barely misses you.
You take 4 damage, and have 16/32 hp.
Your ring mail prevents you from hitting the steam dragon.
The steam dragon breathes steam at you. The ball of steam hits you!
* * * LOW HITPOINT WARNING * * *
You take 14 damage, and have 2/32 hp.
MASSIVE DAMAGE!!
The steam dragon bites you!
You die...

############
#......>...#
...........###########
...........#..§......#
...........#.§.§§....#
...........§§...§....#
#..........#...§@D..[#
.##.....####.........#
.........#############
##.#......#######
##.#.####.......#
..))............#
#)<######.......#
...).# #.##.####
####)####.##.#


You could see a steam dragon.

Vanquished Creatures
  An orc priest (D:3)
  3 gnolls
  An adder (D:2)
  A dart slug (D:2)
  4 orcs
  2 ball pythons
  4 endoplasms
  A giant cockroach (D:1)
  4 goblins
  A hobgoblin (D:2)
  3 jackals (D:1)
  10 kobolds
  2 quokkas
  4 bats
  2 frilled lizards (D:1)
  3 rats
46 creatures vanquished.

Notes
Turn   | Place    | Note
-------+----------+-------------------------------------------
     0 | D:1      | jasper the Demonspawn Artificer began the quest for the
                  | Orb.
     0 | D:1      | Reached XP level 1. HP: 15/15 MP: 1/1
   124 | D:1      | Reached skill level 1 in Long Blades
   237 | D:1      | Gained mutation: You regenerate magic rapidly. [demonic
                  | ancestry]
   237 | D:1      | Reached XP level 2. HP: 21/21 MP: 2/2
   587 | D:1      | Found a faded altar of an unknown god.
   599 | D:1      | Reached skill level 2 in Long Blades
  1183 | D:2      | Gained mutation: You are partially covered in icy blue
                  | scales. (AC +2) [demonic ancestry]
  1183 | D:2      | Reached XP level 3. HP: 26/26 MP: 3/3
  2429 | D:3      | Found an ornate altar of the Wu Jian Council.
  2465 | D:3      | Became a worshipper of the Wu Jian Council
  2562 | D:3      | Found a shadowy altar of Dithmenos.
  2638 | D:3      | Reached skill level 3 in Long Blades
  2660 | D:3      | Found Xautagil's Assorted Antiques.
  2663 | D:3      | Bought a scroll labelled GASSOL PECIU for 21 gold pieces
  2663 | D:3      | Bought a white potion for 18 gold pieces
  2769 | D:3      | HP: 1/26 [orc priest/divine providence (15)]
  2772 | D:3      | Gained mutation: A meltable shield of frost defends you.
                  | (SH +0) [demonic ancestry]
  2772 | D:3      | Reached XP level 4. HP: 1/32 MP: 4/4
  3211 | D:3      | Found an opulent altar of Gozag.
  3276 | D:3      | Found a stormy altar of Qazlal.
  3769 | D:4      | Reached skill level 4 in Long Blades
  4170 | D:4      | Noticed a steam dragon
  4177 | D:4      | Mangled by a steam dragon

Illustrated notes

Levels and vault maps discovered:
D:1:      shiori_arrival_oz, layout_basic,
          hellmonk_ecumenical_altar_heavens_door
D:2:      layout_loops_cross, serial_rivers, chequers_serial_rivers_micro_c,
          chequers_serial_rivers_micro_a, chequers_serial_rivers_micro_d,
          chequers_serial_rivers_small_3
D:3:      layout_basic, grunt_dithmenos_smoke,
          mainiacjoe_overflow_concentric_impassable, mainiacjoe_overflow_swirl,
          serial_shops, nicolae_shop_behind_doors
D:4:      layout_rooms, overflow_temple_1_default,
          nicolae_hepliaklqana_hippocampus, grunt_decor_cap, dk_vineyard_2,
          dk_noncrumbling_3, uniq_robin

Skill      XL: |  1  2  3  4 |
---------------+-------------+-----
Long Blades    | 1 2 3 4 |  4.1
Fighting       | |  1.0
Armour         | |  1.7
Dodging        | |  0.8
Stealth        | |  0.8
Evocations     | |  3.0

Action                   |  1- 3 |  4- 6 || total
-------------------------+-------+-------++-------
Melee: Falchion          |    85 |    12 ||    97
       Short sword       |       |    10 ||    10
       Demon blade       |       |     1 ||     1
 Fire: Hunting sling     |    14 |       ||    14
Throw: Stone             |    18 |     3 ||    21
       Dart              |     8 |    10 ||    18
Invok: Lunge             |       |     3 ||     3
Evoke: Wand              |     6 |     9 ||    15
  Use: Scroll            |     4 |       ||     4
       Potion            |       |     1 ||     1
 Stab: Sleeping          |     1 |       ||     1
Armor: Ring mail         |    42 |     4 ||    46
Dodge: Dodged            |    56 |    10 ||    66
Block: Other             |       |     4 ||     4

Table legend: (Time is in decaauts)
 A = Elapsed time spent in this place.
 B = Non-inter-level travel time spent in this place.
 C = Inter-level travel time spent in this place.
 D = Time resting spent in this place.
 E = Time spent auto-exploring this place.
 F = Levels seen in this place.
 G = Mean time per level.
                   A        B        C        D        E       F      G
               +--------+--------+--------+--------+--------+-----+--------+
         Total |   4204 |   4075 |    129 |   1393 |   2128 |   4 | 1051.0 |
       Dungeon |   4204 |   4075 |    129 |   1393 |   2128 |   4 | 1051.0 |
               +--------+--------+--------+--------+--------+-----+--------+

Top non-repeatable levels by time:
     D:3: 1668 daAuts
     D:1: 1025 daAuts
     D:2: 990 daAuts
     D:4: 520 daAuts
